 Dungeon Sprint DCSS version 0.30-a0-358-g0d69a1922f (webtiles) character file.

Game seed: 1785409429536853650

119 rocky1 the Reanimator (level 4, 0/31 HPs)
             Began as a Mummy Necromancer on Nov 9, 2022.
             Was a Follower of Qazlal.
             Slain by a hell hound (1 damage)
             ... in the Dungeon (Sprint V: "Ziggurat Sprint").
             The game lasted 00:03:07 (124 turns).

rocky1 the Reanimator (Mummy Necromancer)            Turns: 124, Time: 00:03:07

Health: 0/31       AC:  5    Str: 23    XL:     4   Next: 73%
Magic:  5/10       EV: 12    Int: 16    God:    Qazlal [*.....]
Gold:   0          SH:  7    Dex: 12    Spells: 4/12 levels left

rFire   x . .      SeeInvis .    r - +5 demon trident
rCold   + . .      Faith    +    s - +3 buckler
rNeg    + + +      Spirit   .    a - +0 robe
rPois   ∞          Reflect  .    (no helmet)
rElec   .          Harm     .    (no cloak)
rCorr   .          Rampage  +    (no gloves)
Will    .....      NoTele   +    t - +2 pair of boots {rampage}
Stlth   ++........               (no amulet)
HPRegen 0.25/turn                n - +6 ring of strength
MPRegen 0.12/turn                o - +6 ring of strength

@: no status effects
A: cold resistance 1, negative energy resistance 3, torment resistance 2, heat
vulnerability 1, in touch with death 1, no potions, faith
a: Renounce Religion


You were in the Dungeon.
You worshipped Qazlal.
Qazlal was aware of your devotion.
You visited 1 branch

Inventory:

Hand Weapons
 q - a +5 bardiche
 r - a +5 demon trident (weapon)
Armour
 a - a +0 robe (worn)
 s - a +3 buckler (worn)
 t - a +2 pair of boots of rampaging (worn)
Jewellery
 i - a ring of flight
 j - a +6 ring of dexterity
 k - a +6 ring of dexterity
 l - a +6 ring of intelligence
 m - a +6 ring of intelligence
 n - a +6 ring of strength (left hand)
 o - a +6 ring of strength (right hand)
Wands
 g - a wand of mindburst (7)
 h - a wand of light (7)
Scrolls
 b - 4 scrolls of blinking
 c - 4 scrolls of amnesia
 d - 7 scrolls of butterflies
 e - 5 scrolls of identify
 f - a scroll of fear
Miscellaneous
 p - a lightning rod (4/4)
 u - a phantom mirror


   Skills:
 + Level 0.4 Fighting
 + Level 1.3 Polearms
 + Level 2.5 Dodging
 + Level 2.4 Stealth
 + Level 4.8 Spellcasting
 + Level 8.9 Necromancy


You had 4 spell levels left.
You knew the following spells:

 Your Spells              Type           Power      Damage    Failure   Level
a - Necrotise             Necr           100%       1d9       1%          1
b - Vampiric Draining     Necr           48%        2d9       1%          3
c - Animate Dead          Necr           48%        N/A       5%          4

Your spell library contained the following spells:

 Spells                   Type           Power      Damage    Failure   Level
 Agony                    Necr           48%        N/A       16%         5


Dungeon Overview and Level Annotations

Branches:
Dungeon (1/1)

Altars:
Ashenzari
Cheibriados
Dithmenos
Fedhas
Gozag
Hepliaklqana
Kikubaaqudgha
Makhleb
Nemelex Xobeh
Okawaru
Qazlal
Ru
Sif Muna
Trog
Uskayaw
Vehumet
Wu Jian
Xom
Yredelemnul
Jiyva
Lugonu

Annotations:
D 1 transporter


Innate Abilities, Weirdness & Mutations

You are immune to poison.
Your flesh is cold resistant. (rC+)
You are immune to negative energy. (rN+++)
You are immune to unholy pain and torment.
You are vulnerable to heat. (rF-)
You are in touch with the powers of death.
You do not drink.
You have a special connection with the divine. (Faith)


Message History

Confirm with . or Enter, or press ? or * to list all spells.
You can't see any susceptible monsters within range! (Use Z to cast anyway.)
Casting: Necrotise (safe; 1% risk of failure)
Confirm with . or Enter, or press ? or * to list all spells.
You can't see any susceptible monsters within range! (Use Z to cast anyway.)
You reach to attack!
You puncture the fire vortex!
The fire vortex is moderately damaged.
Your adder skeleton crumbles into dust!
Casting: Necrotise (safe; 1% risk of failure)
Confirm with . or Enter, or press ? or * to list all spells.
Okay, then.
You feel stronger.
n - a +6 ring of strength (left hand)
You feel stronger.
o - a +6 ring of strength (right hand)
The hell hound bites you! x2
Unknown command.
You can't drink.
You closely miss the hell hound. The hell hound bites you. x2
* * * LOW HITPOINT WARNING * * *
The hell hound bites you.
* * * LOW HITPOINT WARNING * * *
You block the hell hound's attack.
Unknown command.
Okay, then.
Casting: Necrotise (safe; 1% risk of failure)
Confirm with . or Enter, or press ? or * to list all spells.
Okay, then.
Casting: Necrotise (safe; 1% risk of failure)
Confirm with . or Enter, or press ? or * to list all spells.
You can't see any susceptible monsters within range! (Use Z to cast anyway.)
You can't drink.
You hit the hell hound but do no damage.
The hell hound barely misses you. The hell hound bites you.
* * * LOW HITPOINT WARNING * * *
You miss the hell hound. You block the hell hound's attack.
The hell hound bites you but does no damage.
The fire vortex closely misses you. The hell hound closely misses you.
The hell hound bites you.
You die...

▓▓▓▓▓▓▓▓▓▓▓▓▓
▓.8©8.▓.8©8.▓
▓.[[=.▓.....▓
▓.....▓.....▓
▓.....▓...†.▓
▓.....▓.....▓
▓.hh..▓..©..▓
▓.v@..▓▓▓▓▓▓▓
▓▓▓▓▓▓▓


You could see a fire vortex and 2 hell hounds.

Vanquished Creatures
  A water moccasin (D)
  An adder (D)
2 creatures vanquished.

Notes
Turn   | Place    | Note
-------+----------+-------------------------------------------
     0 | D        | rocky1 the Mummy Necromancer began the quest for the Orb.
     0 | D        | Reached XP level 1. HP: 13/13 MP: 4/4
     0 | D        | Found a blossoming altar of Fedhas.
     0 | D        | Found the +6 Majin-Bo {vamp, MP+6 Int+6}
     0 | D        | Found the +9 heavy crossbow "Sniper" {vorpal, Acc+∞ SInv}
     0 | D        | Found the +10 dark maul {vorpal}
     0 | D        | Found the +15 Maxwell's patent armour {-Cast -Tele rElec
                  | Will+ rCorr}
     0 | D        | Found the +18 shield of the Gong {rElec rN+ Will+ EV-5}
     0 | D        | Found the +14 obsidian axe {vorpal, Mesm Drain Fly SInv}
     0 | D        | Found the +7 great mace "Firestarter" {inner flame, rF++}
     0 | D        | Found the +6 shillelagh "Devastator" {shatter}
     0 | D        | Found the +11 plutonium sword {Contam Stlth-}
     0 | D        | Found the +8 lance "Wyrmbane" {slay drac, rPois rF+ rC+
                  | AC+3}
     0 | D        | Found the +9 sword of Zonguldrok {reap}
     0 | D        | Found the +13 scythe of Curses {drain, Drain}
     0 | D        | Found the +5 sword of Power {vorpal}
     0 | D        | Found the +7 mace of Variability {chain chaos}
     0 | D        | Found the +7 Singing Sword {vorpal, sonic wave}
     0 | D        | Found the +8 storm bow {elec, penet}
     1 | D        | Found a shimmering blue altar of Sif Muna.
     1 | D        | Found a sacrificial altar of Ru.
     1 | D        | Found a bloodstained altar of Trog.
     1 | D        | Found a stormy altar of Qazlal.
     1 | D        | Found an iron altar of Okawaru.
     1 | D        | Found a sparkling altar of Nemelex Xobeh.
     2 | D        | Found a transporter.
     2 | D        | Found an ancient bone altar of Kikubaaqudgha.
     2 | D        | Found a viscous altar of Jiyva.
     2 | D        | Found a corrupted altar of Lugonu.
     2 | D        | Found a hazy altar of Hepliaklqana.
     2 | D        | Found a burning altar of Makhleb.
     2 | D        | Found an opulent altar of Gozag.
    68 | D        | Became a worshipper of Qazlal Stormbringer
    81 | D        | Entered arena 2.
    81 | D        | Noticed a water moccasin
    81 | D        | Found a transporter.
    86 | D        | Reached skill level 5 in Necromancy
    86 | D        | Reached XP level 2. HP: 19/19 MP: 1/6
    90 | D        | Killed a water moccasin
    90 | D        | Reached * piety under Qazlal
    91 | D        | Reached skill level 1 in Polearms
    91 | D        | Reached skill level 8 in Necromancy
    91 | D        | Gained mutation: You are in touch with the powers of death.
                  | [Mummy growth]
    91 | D        | Reached XP level 3. HP: 16/25 MP: 0/9
    91 | D        | Reached XP level 4. HP: 20/31 MP: 0/10
   106 | D        | Learned a level 3 spell: Vampiric Draining
   111 | D        | Learned a level 4 spell: Animate Dead
   118 | D        | Entered arena 3.
   118 | D        | Noticed a hell hound
   118 | D        | Noticed a hell hound
   118 | D        | Found a transporter.
   123 | D        | HP: 1/31 [hell hound (1)]
   124 | D        | Slain by a hell hound

Illustrated notes

Levels and vault maps discovered:
D:        sprint_v [room_start, room_1, room_2, room_3, room_4, room_5, room_6,
          room_7, room_8, room_9, room_10, room_11, room_12, room_13, room_14,
          room_15, room_16, room_17, room_18, room_19, room_20, room_21,
          room_22, room_23, room_24, room_25, room_26, room_27]

Skill      XL: |  1  2 |
---------------+-------+-----
Spellcasting   | 3 4 |  4.8
Necromancy     | 5 8 |  8.9
Polearms       | 1 |  1.3
Dodging        | 2 |  2.5
Stealth        | 2 |  2.4
Fighting       | |  0.4

Action                   |  1- 3 |  4- 6 || total
-------------------------+-------+-------++-------
Melee: Demon trident     |     3 |     4 ||     7
 Cast: Necrotise         |     4 |       ||     4
  Use: Scroll            |     1 |       ||     1
Armor: Robe              |       |     1 ||     1
Dodge: Dodged            |     1 |     3 ||     4
Block: Buckler           |       |     2 ||     2

Table legend: (Time is in decaauts)
 A = Elapsed time spent in this place.
 B = Non-inter-level travel time spent in this place.
 C = Inter-level travel time spent in this place.
 D = Time resting spent in this place.
 E = Time spent auto-exploring this place.
 F = Levels seen in this place.
 G = Mean time per level.
                   A        B        C        D        E       F      G
               +--------+--------+--------+--------+--------+-----+--------+
         Total |    124 |    124 |      0 |      0 |      0 |   1 |  124.0 |
       Dungeon |    124 |    124 |      0 |      0 |      0 |   1 |  124.0 |
               +--------+--------+--------+--------+--------+-----+--------+

Top non-repeatable levels by time:
       D: 124 daAuts
